AoeStats
← veysipak

Arena

510183296Analyzed
2v2 RM · 1d ago on Sep 29, 2026· 37m 1s· 4 players
Game mode
Random Map
Map size
Medium (4 player)
Population
200
Speed
Normal
Resources
Standard
Victory
Conquest
Starting age
Dark Age
Ending age
Imperial Age
RankedLock teamsTeams togetherTeam positionsShared explorationLock speedFull tech treeHidden civsTurbo modeCheats
Victory
Defeat
🇹🇷 Magyars · Türkiye
1107
+13
🇪🇸 Franks · Spain
1063
+15
🇮🇹 Spanish · Italy
1039
-14
🇮🇹 Franks · Italy
1038
-14
(PNG) General_gabriel
10:21 Feudal Age
15:29 Castle Age
13:39 Double-Bit Axe
17:19 Bow Saw
18:44 Wheelbarrow
18:57 Loom
21:25 Stone Mining
22:53 Gold Mining
26:21 Hand Cart
28:58 Imperial Age
26:58 Hand Cart
26:36 Town Watch
27:37 Scale Barding Armor
28:10 Husbandry
29:02 Gold Shaft Mining
29:45 Chain Barding Armor
29:35 Cavalier
32:31 Scale Mail Armor
33:07 Plate Barding Armor
33:52 Conscription
35:00 Town Patrol
35:19 Elite Skirmisher
37:19 Forging
37:24 Chain Mail Armor
veysipak
10:22 Feudal Age
16:36 Castle Age
15:08 Double-Bit Axe
16:09 Gold Mining
26:00 Wheelbarrow
25:57 Fletching
32:31 Imperial Age
31:08 Elite Skirmisher
31:53 Horse Collar
33:08 Ballistics
33:32 Bodkin Arrow
35:23 Hand Cart
36:04 Bracer
36:44 Padded Archer Armor
38:25 Chemistry
GibbyPompiere
10:49 Feudal Age
9:05 Loom
11:37 Double-Bit Axe
16:40 Castle Age
17:51 Bow Saw
23:31 Gold Mining
31:19 Imperial Age
29:04 Pikeman
30:18 Forging
30:09 Scale Mail Armor
30:18 Fletching
32:44 Halberdier
34:06 Iron Casting
33:47 Chain Mail Armor
36:22 Cavalier
37:34 Scale Barding Armor
battsimo99
9:36 Feudal Age
14:46 Castle Age
13:03 Loom
13:38 Double-Bit Axe
21:50 Horse Collar
29:26 Imperial Age
27:51 Gold Mining
34:38 Bow Saw
Connection lost

Rejoining the realm…

Still unreachable

The connection could not be restored.

Session expired

The server has moved on; the page needs a fresh start.